 Dungeon Crawl Stone Soup version 0.20-a0-16-g0876c8e (webtiles) character file.

45395 Mygna the Blocker (level 14, -6/63 HPs)
             Began as a Vine Stalker Fighter on Nov 2, 2016.
             Was the Champion of Okawaru.
             Mangled by a white ugly thing (16 damage)
             ... on level 12 of the Dungeon on Nov 4, 2016.
             The game lasted 01:19:17 (16468 turns).

Mygna the Blocker (Vine Stalker Fighter)           Turns: 16468, Time: 01:19:18

Health: -6/63      AC:  9    Str: 21    XL:     14   Next: 32%
Magic:  0/22       EV: 16    Int: 10    God:    Okawaru [******]
Gold:   1049       SH: 16    Dex: 13    Spells: 4 memorised, 10 levels left

rFire  + + .     SeeInvis +     a - +2 short sword (venom)
rCold  . . .     Gourm    .     M - +0 troll leather armour
rNeg   + + .     Faith    .     Z - +3 shield "Feomuk" {rF++ MR+ Int-4}
rPois  .         Spirit   +     P - +2 hat "Sauzengi" {rElec rN+ MR- SInv}
rElec  +         Reflect  .     (no cloak)
rCorr  .         Harm     .     y - +0 pair of gloves
MR     +....                    B - +1 pair of boots {Stlth+}
Stlth  ++++......               r - amulet of rage
                                l - ring of positive energy (curse)
                                D - +2 ring of slaying

@: regenerating (expiring), repel missiles
A: fangs 3, slimy green scales 1, blurry vision 1, clever 1, deformed body, high
mp 1, regeneration 2, magic shield, antimagic bite, no device heal 3, rot
immunity
a: Heroism, Finesse, Renounce Religion, Evoke Berserk Rage


You were on level 12 of the Dungeon.
You worshipped Okawaru.
Okawaru was exalted by your worship.
You were not hungry.

You visited 3 branches of the dungeon, and saw 19 of its levels.
You also visited: Ossuary.

You collected 1049 gold pieces.

Inventory:

Hand Weapons
 a - a +2 short sword of venom (weapon)
 b - a +5 blowgun
 i - a +3 rapier of speed
 G - a +5 short sword of freezing
Missiles
 v - 55 poisoned needles
 I - 3 tomahawks of dispersal (quivered)
 Q - 7 curare-tipped needles
Armour
 y - a +0 pair of gloves (worn)
 B - a +1 pair of boots of stealth (worn)
 M - a +0 troll leather armour (worn)
 P - the +2 hat "Sauzengi" (worn) {rElec rN+ MR- SInv}
   (Okawaru gifted it to you on level 4 of the Lair of Beasts)

   It insulates you from electricity.
   It protects you from negative energy.
   It affects your resistance to hostile enchantments.
   It lets you see invisible.
 Z - the +3 shield "Feomuk" (worn) {rF++ MR+ Int-4}
   (You found it on level 5 of the Lair of Beasts)

   It affects your intelligence (-4).
   It greatly protects you from fire.
   It affects your resistance to hostile enchantments.
Jewellery
 e - an uncursed ring of flight
 l - a cursed ring of positive energy (right hand)
 r - an amulet of rage (around neck)
 x - an uncursed amulet of harm
 D - a +2 ring of slaying (left hand)
 R - an uncursed ring of ice
Wands
 c - a wand of lightning (6/15)
 m - a wand of digging (8/24)
 X - a wand of iceblast (6/15)
Scrolls
 g - a scroll of fog
 j - 2 scrolls of recharging
 k - a scroll of identify
 o - 4 scrolls of enchant armour
 H - a scroll of magic mapping
 T - 2 scrolls of teleportation
 V - 3 scrolls of remove curse
Potions
 d - 4 potions of might
 p - 4 potions of curing
 q - 2 potions of brilliance
 s - 3 potions of cancellation
 t - 2 potions of agility
 u - 2 potions of resistance
 z - 3 potions of flight
 C - 2 potions of haste
 E - 2 potions of ambrosia
 S - a potion of magic
Books
 w - a book of Minor Magic

   Spells                             Type                      Level
   a - Magic Dart                     Conjuration                  1
   b - Blink                          Translocation                2
   c - Call Imp                       Summoning                    2
   d - Repel Missiles                 Charms/Air                   2
   e - Slow                           Hexes                        2
   f - Conjure Flame                  Conjuration/Fire             3
   g - Mephitic Cloud                 Conjuration/Poison/Air       3
Miscellaneous
 N - a phial of floods
Comestibles
 f - 8 bread rations
 h - 13 slices of pizza
 n - 4 meat rations
 L - 7 fruits


   Skills:
 - Level 2.6 Fighting
 - Level 10.7 Short Blades
 - Level 2.4 Armour
 * Level 7.6 Dodging
 - Level 7.0 Stealth
 - Level 14.1 Shields
 - Level 3.0 Spellcasting
 - Level 5.0 Charms
 - Level 3.0 Necromancy
 - Level 5.2 Air Magic
 - Level 7.0 Invocations


You had 10 spell levels left.
You knew the following spells:

 Your Spells              Type           Power        Failure   Level  Hunger
a - Repel Missiles        Chrm/Air       ##....       10%         2    ###....
b - Swiftness             Chrm/Air       ##......     10%         2    ###....
c - Regeneration          Chrm/Necr      #.........   24%         3    ###....
d - Blink                 Tloc           N/A          65%         2    ###....


Dungeon Overview and Level Annotations

Branches:
Dungeon (12/15)            Temple (1/1) D:4            Lair (6/6) D:10
 Shoals (0/4) Lair:4        Snake (0/4) Lair:3        Slime (0/5) Lair:6
    Orc: D:9-12

Altars:
Ashenzari
Cheibriados
Dithmenos
Elyvilon
Fedhas
Gozag
Hepliaklqana
Kikubaaqudgha
Makhleb
Nemelex Xobeh
Okawaru
Qazlal
Ru
Sif Muna
Trog
Uskayaw
Vehumet
Xom
Yredelemnul
Zin
The Shining One

Shops:
D:6 (

Annotations:
Lair:2 Gastronok
Lair:3 exclusion: 2 electric eels


Innate Abilities, Weirdness & Mutations

You have razor-sharp teeth.
You heal very quickly.
When hurt, damage is shared between your health and your magic reserves.
Your bite disrupts and absorbs the magic of your enemies.
Potions and wands cannot restore your health.
You are immune to rotting.
You are partially covered in slimy green scales. (AC +2)
Scrolls take you a little longer to read.
Your mind is acute. (Int +2)
Armour fits poorly on your strangely shaped body.
You have an increased reservoir of magic. (+10% MP)


Message History

The white ugly thing misses you.
You barely miss the white ugly thing.
The white ugly thing is heavily wounded.
You hit the white ugly thing.
The white ugly thing is heavily wounded.
You block the white ugly thing's attack.
You hit the white ugly thing.
The white ugly thing is heavily wounded.
You hit the white ugly thing but do no damage.
The white ugly thing looks as sick as possible!
You bite the white ugly thing! You drain its power.
You feel invigorated.
The white ugly thing is severely wounded.
The white ugly thing bites you. The white ugly thing freezes you!!
* * * LOW HITPOINT WARNING * * *
Your skin is crawling a little less now.
The centaur shoots an arrow.
The arrow closely misses you. The white ugly thing bites you!
* * * LOW HITPOINT WARNING * * *
The white ugly thing freezes you!!
You die...

##.....# ......
######
#..##.....##
#.....)#$..+
####.##.#...#.#
#....#..?...(..
#.##(##c#...#.#
#....l(..(.}..+
#@ul..##.....##
#...#.# ##+###
+...'.# #...###
#...# #...#
#.... #.....
#...##


You could see a white ugly thing, a komodo dragon, a centaur and an iguana.

Vanquished Creatures
  A fire dragon (Lair:6)
  8 hydras
  Erolcha (D:11)
  2 catoblepae
  Sonja (D:10)
  An unseen horror (D:11)
  A fire crab (Lair:6)
  Pikel (D:5)
  3 hill giants
  A cyclops (D:9)
  An ugly thing (D:11)
  4 elephants (Lair:6)
  A molten gargoyle (Lair:6)
  9 black mambas
  14 komodo dragons
  7 spiny frogs
  2 rime drakes
  2 trolls
  Prince Ribbit (D:5)
  A polar bear (Lair:5)
  8 blink frogs
  A snapping turtle (Lair:4)
  6 dream sheep (Lair:4)
  9 hippogriffs
  A wraith (D:10)
  6 wyverns
  18 yaks
  A human (D:7)
  4 basilisks
  3 hungry ghosts
  4 hogs (D:7)
  A mottled dragon (Lair:6)
  Menkaure (D:6)
  2 nagas (Lair:3)
  A soldier ant (D:12)
  Duvessa (D:4)
  9 water moccasins
  5 hell hounds (Lair:6)
  5 porcupines
  A swamp drake (D:10)
  2 ice beasts
  2 sky beasts
  2 necrophages
  6 orc warriors
  4 black bears
  A phantom (D:9)
  4 boggarts (Lair:5)
  5 ogres
  20 wolves
  6 centaurs
  5 crocodiles
  5 elf zombies
  2 big kobolds
  11 bullfrogs
  An elf skeleton (D:5)
  2 gnoll sergeants
  Dowan (D:4)
  A scorpion (D:9)
  13 wights
  3 howler monkeys (D:8)
  2 crimson imps
  2 centaur zombies
  5 lava snakes (Lair:6)
  5 hounds
  2 quasits (D:5)
  7 orc priests
  2 centaur skeletons (D:5)
  2 bullfrog skeletons
  A human zombie (Ossuary)
  3 jellies (Lair:6)
  15 orc wizards
  A human skeleton (D:5)
  9 iguanas
  9 worker ants
  A big kobold zombie (Ossuary)
  2 hound zombies
  2 hound skeletons
  4 mummies (Ossuary)
  A worker ant zombie (D:9)
  Robin (D:4)
  9 gnolls
  A howler monkey skeleton (D:5)
  12 adders
  2 shadow imps
  3 oozes
  2 adder zombies
  2 adder skeletons
  2 worms
  2 dart slugs
  9 leopard geckos
  47 orcs
  10 bats
  12 giant cockroaches
  13 goblins
  10 hobgoblins
  14 jackals
  12 kobolds
  A quokka (D:6)
  2 frilled lizards
  2 goblin zombies (Ossuary)
  A hobgoblin zombie (Ossuary)
  A jackal skeleton (D:6)
  A jackal zombie (Ossuary)
  2 orc skeletons (D:5)
  7 rats
  2 rat zombies (Ossuary)
  2 bushes (Lair:4)
  2 plants (Lair:4)
506 creatures vanquished.

Vanquished Creatures (others)
  A hell hound (Lair:6)
  A centaur (D:5)
  A crimson imp (D:6)
  A hound (D:5)
  An orc priest (D:5)
  2 worker ants
  2 gnolls
  An orc (D:5)
  A ball python (D:5)
  12 fungi
  4 plants
27 creatures vanquished.

Grand Total: 533 creatures vanquished

Notes
Turn   | Place    | Note
-------+----------+-------------------------------------------
     0 | D:1      | Mygna the Vine Stalker Fighter began the quest for the Orb.
     0 | D:1      | Reached XP level 1. HP: 11/11 MP: 2/2
    80 | D:1      | Reached XP level 2. HP: 16/16 MP: 3/3
   337 | D:1      | Reached XP level 3. HP: 16/19 MP: 4/4
   762 | D:2      | Found a blossoming altar of Fedhas.
   890 | D:2      | Gained mutation: Your natural rate of healing is unusually fast. [Vine Stalker growth]
   890 | D:2      | Reached XP level 4. HP: 19/23 MP: 3/5
  1116 | D:3      | Noticed a gnoll sergeant
  1533 | D:3      | Killed a gnoll sergeant
  1533 | D:3      | Reached skill level 5 in Short Blades
  1533 | D:3      | Reached XP level 5. HP: 26/27 MP: 6/6
  1550 | D:4      | Found a staircase to the Ecumenical Temple.
  1565 | Temple   | Entered the Ecumenical Temple
  1615 | Temple   | Became a worshipper of Warmaster Okawaru
  1741 | D:3      | Reached XP level 6. HP: 8/32 MP: 2/7
  2576 | D:4      | Noticed Robin
  2612 | D:4      | Killed Robin
  2623 | D:4      | Reached XP level 7. HP: 35/35 MP: 8/8
  2660 | D:4      | Found a faded altar of an unknown god.
  2660 | D:4      | Found a faded altar of an unknown god.
  2722 | D:4      | Found a hazy altar of Hepliaklqana.
  2724 | D:4      | Found a faded altar of an unknown god.
  2725 | D:4      | Found a faded altar of an unknown god.
  3063 | D:4      | Noticed Duvessa
  3081 | D:4      | Killed Duvessa
  3081 | D:4      | Reached * piety under Okawaru
  3082 | D:4      | Noticed Dowan
  3136 | D:4      | Killed Dowan
  3310 | D:5      | Entered Level 5 of the Dungeon
  3438 | D:5      | Found a sacrificial altar of Ru.
  3474 | D:5      | Gained mutation: You have razor-sharp teeth. [Vine Stalker growth]
  3474 | D:5      | Reached XP level 8. HP: 36/39 MP: 9/9
  3525 | D:5      | Found a shimmering altar of Xom.
  3563 | D:5      | Noticed Prince Ribbit
  3580 | D:5      | Killed Prince Ribbit
  3580 | D:5      | Reached ** piety under Okawaru
  3744 | D:5      | Reached skill level 10 in Short Blades
  3746 | D:5      | Found a sand-covered staircase.
  3770 | Ossuary  | Entered an ossuary
  3801 | Ossuary  | Reached XP level 9. HP: 19/43 MP: 8/10
  4242 | D:5      | Reached *** piety under Okawaru
  4242 | D:5      | Reached skill level 3 in Shields
  4642 | D:6      | Noticed Pikel
  4667 | D:5      | Killed Pikel
  4667 | D:5      | Reached skill level 5 in Shields
  4809 | D:6      | Found Edwusof's Weapon Shoppe.
  4892 | D:6      | Reached **** piety under Okawaru
  4892 | D:6      | Reached skill level 6 in Shields
  4902 | D:6      | Noticed Menkaure
  4907 | D:6      | Killed Menkaure
  5203 | D:6      | Reached skill level 7 in Shields
  5393 | D:6      | Reached XP level 10. HP: 47/47 MP: 11/11
  5420 | D:6      | Found a deep blue altar of Sif Muna.
  5645 | D:7      | Reached skill level 8 in Shields
  6152 | D:7      | Reached skill level 9 in Shields
  6168 | D:7      | Reached ***** piety under Okawaru
  6544 | D:8      | Reached skill level 1 in Invocations
  6595 | D:8      | Received a gift from Okawaru
  6627 | D:8      | Found an opulent altar of Gozag.
  6670 | D:8      | Reached skill level 10 in Shields
  6771 | D:8      | Gained mutation: Armour fits poorly on your strangely shaped body. [mutagenic meat]
  6772 | D:8      | Gained mutation: Your muscles are strong. (Str +2) [mutagenic meat]
  7350 | D:9      | Noticed a cyclops
  7382 | D:9      | Killed a cyclops
  7382 | D:9      | Reached XP level 11. HP: 43/51 MP: 11/14
  7726 | D:9      | Reached skill level 11 in Shields
  7951 | D:10     | Entered Level 10 of the Dungeon
  8008 | D:10     | Learned a level 2 spell: Repel Missiles
  8013 | D:10     | Learned a level 2 spell: Swiftness
  8024 | D:10     | Noticed Sonja
  8142 | D:10     | Noticed a hill giant
  8172 | D:9      | Killed a hill giant
  8216 | D:10     | Killed Sonja
  8216 | D:10     | Reached skill level 1 in Spellcasting
  8216 | D:10     | Reached skill level 1 in Charms
  8216 | D:10     | Reached skill level 1 in Air Magic
  8317 | D:10     | Reached skill level 5 in Invocations
  8608 | D:10     | Found a staircase to the Lair.
  9010 | D:10     | Noticed a hill giant
  9024 | D:10     | Killed a hill giant
  9136 | Lair:1   | Entered Level 1 of the Lair of Beasts
  9137 | Lair:1   | Upgraded the game from 0.20-a0-11-ga97c7b5 to 0.20-a0-16-g0876c8e
  9491 | Lair:1   | Gained mutation: You heal very quickly. [Vine Stalker growth]
  9491 | Lair:1   | Reached XP level 12. HP: 47/56 MP: 17/17
  9951 | Lair:1   | Reached skill level 12 in Shields
 10073 | Lair:2   | Noticed Gastronok
 10183 | Lair:2   | Reached ****** piety under Okawaru
 10828 | Lair:3   | Noticed a catoblepas
 10878 | Lair:3   | Killed a catoblepas
 10923 | Lair:3   | Found a stormy altar of Qazlal.
 11015 | Lair:3   | Found a staircase to the Snake Pit.
 11171 | Lair:3   | Received a gift from Okawaru
 11677 | Lair:4   | Noticed a six-headed hydra
 11681 | Lair:4   | Killed a six-headed hydra
 11774 | Lair:4   | Found a staircase to the Shoals.
 11804 | Lair:4   | Reached skill level 5 in Air Magic
 11816 | Lair:4   | Reached skill level 5 in Charms
 12073 | Lair:4   | Reached skill level 13 in Shields
 12119 | Lair:4   | Reached skill level 1 in Dodging
 12134 | Lair:4   | Reached XP level 13. HP: 41/59 MP: 19/19
 12576 | Lair:4   | Received a gift from Okawaru
 12582 | Lair:4   | Got a twisted hat {god gift}
 12593 | Lair:4   | Identified the +2 hat "Sauzengi" {rElec rN+ MR- SInv} (Okawaru gifted it to you on level 4 of the Lair of Beasts)
 12713 | Lair:5   | Reached skill level 1 in Stealth
 12918 | Lair:5   | Got a bloodstained shield
 12924 | Lair:5   | Identified the +3 shield "Feomuk" {rF++ MR+ Int-4} (You found it on level 5 of the Lair of Beasts)
 13444 | Lair:6   | Entered Level 6 of the Lair of Beasts
 13516 | Lair:6   | Learned a level 3 spell: Regeneration
 14206 | Lair:6   | Found a staircase to the Slime Pits.
 14397 | Lair:6   | Reached skill level 5 in Dodging
 14531 | Lair:6   | Received a gift from Okawaru
 14610 | Lair:6   | Reached skill level 5 in Stealth
 14610 | Lair:6   | Reached skill level 1 in Necromancy
 14716 | Lair:6   | Found a large runed door.
 14716 | Lair:6   | Noticed a fire dragon
 14717 | Lair:6   | Found a large runed door.
 14839 | Lair:6   | Reached skill level 14 in Shields
 15114 | Lair:6   | Reached XP level 14. HP: 17/63 MP: 12/20
 15260 | Lair:6   | Received a gift from Okawaru
 15261 | Lair:6   | Got an encrusted hunting sling {god gift}
 15877 | D:11     | Learned a level 2 spell: Blink
 15948 | D:11     | Gained mutation: You have an increased reservoir of magic. (+10% MP) [potion of mutation]
 15948 | D:11     | Lost mutation: Your muscles are strong. (Str +2) [potion of mutation]
 15948 | D:11     | Gained mutation: You are dopey. (Int -2) [potion of mutation]
 15985 | D:11     | Noticed Erolcha
 16009 | D:11     | Killed Erolcha
 16132 | D:11     | Gained mutation: Scrolls take you a little longer to read. [mutagenic meat]
 16133 | D:11     | Lost mutation: You are dopey. (Int -2) [mutagenic meat]
 16134 | D:11     | Gained mutation: Your body sometimes deteriorates upon taking damage. [mutagenic meat]
 16135 | D:11     | Gained mutation: Your mind is acute. (Int +2) [mutagenic meat]
 16136 | D:11     | Gained mutation: You are partially covered in slimy green scales. (AC +2) [mutagenic meat]
 16408 | D:11     | Lost mutation: Your body sometimes deteriorates upon taking damage. [mutagenic meat]
 16468 | D:12     | Mangled by a white ugly thing

Vault maps used:
D:1:      dpeg_arrival_shelter
D:2:      fedhas_altar_1
D:3:      serial_bayou, serial_bayou_shore_b, serial_bayou_shore_a,
          serial_bayou_pond_b, serial_bayou_shore_b, minmay_stone_trees_small,
          corexii_item_surrounded_by_moat
D:4:      chequers_temple_overflow_minitemple, serial_corexii_hall,
          corexii_hall_statues_x, corexii_hall_statues_s,
          corexii_hall_statues_deadend, corexii_hall_statues_i, uniq_robin,
          uniq_duvessa
D:5:      nicolae_ru_great_annihilating_truth, xom_confusion_cloud,
          nicolae_ossuary_entry_catacombs, first_bread, uniq_prince_ribbit1
D:6:      serial_shops, shop, led_sif_book, uniq_menkaure, uniq_pikel
D:7:      grunt_livestock
D:8:      grunt_gozag_breadcrumbs
D:10:     erik_lair_dragon, uniq_sonja
D:11:     serial_bayou_pond_d, uniq_erolcha
D:12:     minmay_heptahexagon, hiddenorc2_lemuel, serial_shops,
          nicolae_shop_window_shopping, eino_tiny_chamber,
          corexii_hall_statues_deadend, minmay_misc_feat_tiny, uniq_nergalle
Temple:   nicolae_temple_x_marks_the_god
Lair:1:   infiniplex_staircase_pool, lemuel_fruit_fields, grunt_megastairs_5
Lair:2:   uniq_gastronok
Lair:3:   statuecave_lemuel, minmay_snake_entry_guardpost_small, basic_altar,
          minmay_holes, minivault_26
Lair:4:   minmay_shoals_entry_hut, wad_woods_06, grunt_megastairs_3,
          lemuel_fruit_fields
Lair:5:   kilobyte_rumbling_trees
Lair:6:   cheibrodos_lair_end_hotspot, nicolae_slime_entry_slimehenge,
          columned_hall_lemuel
Ossuary:  ossuary_minmay_tomb_2a

Skill      XL: |  1  2  3  4  5  6  7  8  9 10 11 12 13 14 |
---------------+-------------------------------------------+-----
Short Blades   | 2 3 5 6 8 10 | 10.7
Shields        | 7 10 11 13 14 | 14.1
Invocations    | 3 5 7 |  7.0
Spellcasting   | 2 3 |  3.0
Charms         | 2 5 |  5.0
Air Magic      | 2 5 |  5.2
Dodging        | 1 5 7 |  7.6
Stealth        | 6 7 |  7.0
Necromancy     | 2 3 |  3.0
Fighting       | |  2.6
Armour         | |  2.4

Action                   |  1- 3 |  4- 6 |  7- 9 | 10-12 | 13-15 || total
-------------------------+-------+-------+-------+-------+-------++-------
Melee: Rapier            |    27 |       |   200 |   122 |       ||   349
       Bite              |    22 |    45 |   160 |   380 |   352 ||   959
       Dagger            |    64 |   148 |   298 |   279 |       ||   789
       Short sword       |       |       |       |   583 |   779 ||  1362
 Fire: Blowgun           |       |     9 |     9 |    37 |    15 ||    70
Throw: Stone             |     3 |     3 |       |       |       ||     6
       Tomahawk          |       |       |       |       |     1 ||     1
 Cast: Repel Missiles    |       |       |       |     4 |     1 ||     5
       Regeneration      |       |       |       |       |     8 ||     8
Invok: Heroism           |       |       |     3 |     1 |     2 ||     6
       Finesse           |       |       |       |       |     2 ||     2
Evoke: Wand              |       |       |       |     5 |     3 ||     8
  Use: Scroll            |       |       |    18 |    13 |     9 ||    40
       Potion            |       |       |     1 |     2 |     3 ||     6
 Stab: Invisible         |       |       |     7 |     2 |       ||     9
       Distracted        |       |       |     1 |       |     1 ||     2
       Paralysed         |       |       |     1 |       |       ||     1
       Sleeping          |       |       |       |     5 |     5 ||    10
  Eat: Chunk             |       |     5 |    10 |    26 |    12 ||    53
       Beef jerky        |       |       |       |     2 |     1 ||     3
       Royal jelly       |       |       |       |       |     2 ||     2
       Meat ration       |       |       |       |       |     1 ||     1
Armor: Scale mail        |    27 |    35 |   172 |     5 |       ||   239
       Plate armour      |       |       |       |    41 |       ||    41
       Chain mail        |       |       |       |    12 |       ||    12
       Ring mail         |       |       |       |     9 |       ||     9
       Troll leather arm |       |       |       |    42 |    51 ||    93
Dodge: Dodged            |    22 |    30 |   148 |   142 |   162 ||   504
       Deflected         |       |       |       |     3 |     1 ||     4
Block: Shield            |    29 |    50 |   230 |   438 |   353 ||  1100
